Construct Infanterie Kompanie
Selects Mechanized Battlegroup
Construct Panzergrenadier Kompanie
Nebelwerfer 42 Rocket Launcher Team
Construct Panzer Kompanie
Selects Wespe Self-propelled Artillery
Selects Mechanized Assault
Selects StuG Assault Group
Nebelwerfer 42 Rocket Launcher Team
Nebelwerfer 42 Rocket Launcher Team
Selects UNKNOWN (2160084)
Panzergrenadier Officer Quarters
Nebelwerfer 42 Rocket Launcher Team